 Dungeon Sprint DCSS version 0.29-a0-330-g52719c12eb (webtiles) character file.

Game seed: 12740083317767999363

804 jt the Unseen (level 7, -3/34 HPs)
             Began as a Vine Stalker Brigand on Apr 28, 2022.
             Was a Follower of Okawaru.
             Killed from afar by a burning bush (11 damage)
             ... with a puff of flame
             ... in the Dungeon (Sprint IV: "Fedhas' Mad Dash").
             The game lasted 00:02:07 (193 turns).

jt the Unseen (Vine Stalker Brigand)                 Turns: 193, Time: 00:02:08

Health: -3/34      AC:  3    Str: 14    XL:     7   Next: 91%
Magic:  0/8        EV: 11    Int: 11    God:    Okawaru [*.....]
Gold:   104        SH:  6    Dex: 17    Spells: 6/6 levels left

rFire   . . .      SeeInvis .   a - +2 dagger
rCold   . . .      Faith    .   n - +0 buckler
rNeg    . . .      Spirit   +   b - +0 robe
rPois   .          Reflect  .   (no helmet)
rElec   .          Harm     .   c - +0 cloak
rCorr   .          Rampage  .   (no gloves)
Will    .....      NoTele   +   (no boots)
Stlth   ++++++....              k - amulet of invisibility {+Inv}
HPRegen 0.91/turn               (no ring)
MPRegen 0.11/turn               (no ring)

@: very slightly contaminated
A: fangs 2, regeneration 1, magic shield, antimagic bite, no potion heal 2
a: Renounce Religion, Evoke Invisibility, Heroism


You were in the Dungeon.
You worshipped Okawaru.
Okawaru was aware of your devotion.
You visited 1 branch You collected 104 gold pieces.

Inventory:

Hand Weapons
 a - a +2 dagger (weapon)
Missiles
 d - 9 poisoned darts (quivered)
 e - 3 curare-tipped darts
Armour
 b - a +0 robe (worn)
 c - a +0 cloak (worn)
 m - a +0 leather armour
 n - a +0 buckler (worn)
Jewellery
 k - the amulet of invisibility (around neck) {+Inv}
   (You found it in the Dungeon)

   [amulet of nothing]

   +Inv:      It lets you turn invisible.
Scrolls
 j - a scroll of blinking
 l - a scroll of brand weapon {unknown}
Potions
 f - a potion of curing
 g - a potion of haste
 h - 3 potions of magic
 i - a potion of berserk rage
 o - a potion of flight {unknown}


   Skills:
 - Level 1.7 Fighting
 - Level 8.1 Short Blades
 - Level 1.7 Throwing
 - Level 0.7 Dodging
 + Level 16.2 Stealth
 + Level 6.8 Shields


You had 6 spell levels left.
You didn't know any spells.
Your spell library was empty.

Dungeon Overview and Level Annotations

Branches:
Dungeon (1/1)

Altars:
Cheibriados
Dithmenos
Elyvilon
Gozag
Hepliaklqana
Kikubaaqudgha
Makhleb
Nemelex Xobeh
Okawaru
Qazlal
Ru
Sif Muna
Trog
Uskayaw
Vehumet
Wu Jian
Xom
Yredelemnul
Zin
The Shining One
Beogh
Jiyva
Lugonu

Shops:
D [*![


Innate Abilities, Weirdness & Mutations

You have extremely sharp teeth.
Your natural rate of healing is unusually fast.
When hurt, damage is shared between your health and your magic reserves.
Your bite disrupts and absorbs the magic of your enemies.
Potions cannot restore your health.


Message History

The puff of flame hits you!
You hit the burning bush but do no damage.
The burning bush is heavily damaged.
You hit the burning bush but do no damage.
The burning bush is heavily damaged.
You hit the burning bush.
You bite the burning bush, but do no damage.
The burning bush is severely damaged.
You completely miss the burning bush.
The burning bush is severely damaged.
You hit the burning bush but do no damage.
You bite the burning bush. You drain its power.
You feel invigorated.
The burning bush is severely damaged.
The burning bush throws fire at you. The puff of flame hits you.
You hit the burning bush but do no damage.
You bite the burning bush, but do no damage.
The burning bush is severely damaged.
You hit the burning bush but do no damage.
You bite the burning bush, but do no damage.
The burning bush is severely damaged.
You hit the burning bush but do no damage.
You bite the burning bush, but do no damage.
The burning bush is severely damaged.
The burning bush throws fire at you. The puff of flame hits you.
You are too injured to fight recklessly!
You are too injured to fight recklessly!
You hit the burning bush but do no damage.
The burning bush is severely damaged.
The burning bush throws fire at you. The puff of flame hits you!
* * * LOW HITPOINT WARNING * * *
You hit the burning bush but do no damage.
The burning bush is severely damaged.
You hit the burning bush but do no damage.
The burning bush is severely damaged.
The burning bush throws fire at you. The puff of flame hits you!
You die...

################# #
_.⌠.#.['.))#....##∩#
._..'..#...#...P@[[#
_...#..###'##.[)##∩#
._..#..##∩∩.'...# #
_.⌠.#############
#####


You could see a burning bush.

Vanquished Creatures
  2 wandering mushrooms (D)
  3 scorpions (D)
  4 oklob saplings (D)
  2 spriggans (D)
  A river rat (D)
  A rat (D)
13 creatures vanquished.

Notes
Turn   | Place    | Note
-------+----------+-------------------------------------------
     0 | D        | jt the Vine Stalker Brigand began the quest for the Orb.
     0 | D        | Reached XP level 1. HP: 11/11 MP: 2/2
    21 | D        | Reached skill level 5 in Stealth
    23 | D        | Reached skill level 7 in Stealth
    23 | D        | Reached XP level 2. HP: 15/15 MP: 3/3
    35 | D        | Noticed an oklob sapling
    36 | D        | Killed an oklob sapling
    37 | D        | Reached skill level 8 in Stealth
    37 | D        | Reached XP level 3. HP: 18/18 MP: 4/4
    38 | D        | Noticed a scorpion
    38 | D        | Found the amulet of invisibility {+Inv}
    40 | D        | Killed a scorpion
    41 | D        | Reached skill level 5 in Short Blades
    41 | D        | Reached skill level 10 in Stealth
    41 | D        | Gained mutation: Your natural rate of healing is unusually
                  | fast. [Vine Stalker growth]
    41 | D        | Reached XP level 4. HP: 23/23 MP: 5/5
    72 | D        | Reached XP level 5. HP: 26/26 MP: 3/6
    80 | D        | Found an opulent altar of Gozag.
    80 | D        | Found a hazy altar of Hepliaklqana.
    80 | D        | Found a snail-covered altar of Cheibriados.
    81 | D        | Found a viscous altar of Jiyva.
    81 | D        | Found a burning altar of Makhleb.
    81 | D        | Found a sparkling altar of Nemelex Xobeh.
    81 | D        | Found a sacrificial altar of Ru.
    81 | D        | Found a shimmering blue altar of Sif Muna.
    81 | D        | Found a bloodstained altar of Trog.
    81 | D        | Found an ornate altar of the Wu Jian Council.
    81 | D        | Found a shimmering altar of Xom.
    81 | D        | Found a basalt altar of Yredelemnul.
    82 | D        | Found a shadowy altar of Dithmenos.
    82 | D        | Found an iron altar of Okawaru.
    82 | D        | Found a glowing silver altar of Zin.
    83 | D        | Found an ancient bone altar of Kikubaaqudgha.
    83 | D        | Found a hide-covered altar of Uskayaw.
    84 | D        | Found a stormy altar of Qazlal.
    84 | D        | Found a white marble altar of Elyvilon.
    84 | D        | Found a glowing golden altar of the Shining One.
    85 | D        | Found a corrupted altar of Lugonu.
    85 | D        | Found a radiant altar of Vehumet.
    89 | D        | Reached skill level 11 in Stealth
    91 | D        | Became a worshipper of Warmaster Okawaru
   109 | D        | Reached skill level 12 in Stealth
   114 | D        | Reached XP level 6. HP: 30/30 MP: 5/7
   115 | D        | Reached skill level 13 in Stealth
   145 | D        | Found Cyaplosu's Assorted Antiques.
   145 | D        | Found Cikkeimn's Antique Armour Emporium.
   157 | D        | Noticed a burning bush
   157 | D        | Noticed a wandering mushroom
   158 | D        | Noticed a wandering mushroom
   160 | D        | Killed a wandering mushroom
   161 | D        | Reached skill level 14 in Stealth
   161 | D        | Reached XP level 7. HP: 28/34 MP: 4/8
   162 | D        | Killed a wandering mushroom
   162 | D        | Reached * piety under Okawaru
   163 | D        | Reached skill level 16 in Stealth
   167 | D        | Found Heym Yvo's Armour Emporium.
   169 | D        | Found Wepp's Distillery.
   193 | D        | Killed from afar by a burning bush

Illustrated notes

Levels and vault maps discovered:
D:        dungeon_sprint_fedhas [sprint_temple]

Skill      XL: |  1  2  3  4  5  6  7 |
---------------+----------------------+-----
Stealth        | 7 8 10 12 14 16 | 16.2
Short Blades   | 3 5 7 8 |  8.1
Shields        | 4 6 |  6.8
Fighting       | |  1.7
Throwing       | |  1.7
Dodging        | |  0.7

Action                   |  1- 3 |  4- 6 |  7- 9 || total
-------------------------+-------+-------+-------++-------
Melee: Dagger            |     5 |     7 |    28 ||    40
       Bite              |       |       |    15 ||    15
Throw: Dart              |     4 |       |       ||     4
 Abil: Evoke Invisibilit |       |     3 |       ||     3
 Stab: Sleeping          |     2 |     7 |     2 ||    11
Dodge: Dodged            |     2 |       |     1 ||     3

Table legend: (Time is in decaauts)
 A = Elapsed time spent in this place.
 B = Non-inter-level travel time spent in this place.
 C = Inter-level travel time spent in this place.
 D = Time resting spent in this place.
 E = Time spent auto-exploring this place.
 F = Levels seen in this place.
 G = Mean time per level.
                   A        B        C        D        E       F      G
               +--------+--------+--------+--------+--------+-----+--------+
         Total |    179 |    179 |      0 |      0 |      0 |   1 |  179.0 |
       Dungeon |    179 |    179 |      0 |      0 |      0 |   1 |  179.0 |
               +--------+--------+--------+--------+--------+-----+--------+

Top non-repeatable levels by time:
       D: 179 daAuts
